 Dungeon Crawl Stone Soup version 0.17.1-2-g5865329 (webtiles) character file.

224 PossumBlood the Archer (level 5, -5/34 HPs)
             Began as a High Elf Hunter on Jan 23, 2016.
             Killed from afar by an orc wizard (7 damage)
             ... with a puff of flame
             ... on level 4 of the Dungeon.
             The game lasted 00:10:57 (3312 turns).

PossumBlood the Archer (High Elf Hunter)            Turns: 3312, Time: 00:10:57

Health: -5/34      AC:  4    Str: 11    XL:     5   Next: 67%
Magic:  6/6        EV: 12    Int: 15    God:
Gold:   109        SH:  0    Dex: 16    Spells: 0 memorised, 4 levels left

rFire  . . .     SeeInvis .     a - +1 shortbow
rCold  + . .     Clarity  .     c - +0 leather armour
rNeg   . . .     SustAt   .     (shield currently unavailable)
rPois  .         Gourm    .     (no helmet)
rElec  .         Spirit   .     j - +0 cloak
rCorr  .         Warding  .     (no gloves)
rMut   .         Stasis   .     (no boots)
MR     .....                    (no amulet)
Stlth  ++........               (no ring)
                                l - ring of protection from cold

@: not resistant to hostile enchantments, unstealthy
A: no striking features
a: no special abilities


You were on level 4 of the Dungeon.
You were not hungry.

You visited 1 branch of the dungeon, and saw 5 of its levels.

You collected 109 gold pieces.

Inventory:

Hand Weapons
 a - a +1 shortbow (weapon)
 b - a +0 short sword
Missiles
 d - 20 arrows (quivered)
Armour
 c - a +0 leather armour (worn)
 j - a +0 cloak (worn)
Jewellery
 l - a ring of protection from cold (left hand)
Scrolls
 i - 2 scrolls of remove curse
 m - 2 scrolls of teleportation
Potions
 e - a potion of heal wounds
 f - a potion of agility
 o - a potion of poison {unknown}
Comestibles
 g - a royal jelly
 h - a beef jerky
 k - 2 meat rations
 n - a slice of pizza


   Skills:
 - Level 2.0 Fighting
 * Level 9.2 Bows
 - Level 2.1 Dodging
 - Level 1.1 Stealth


You had 4 spell levels left.
You didn't know any spells.

Dungeon Overview and Level Annotations

Branches:
Dungeon (5/15)
 Temple: D:4-7

Altars:


Message History

There is a stone staircase leading up here.
Something hits you.
* * * LOW HITPOINT WARNING * * *
You climb upwards.
There is a stone staircase leading down here.
You start resting.
Something hits you but does no damage. Something hits you.
* * * LOW HITPOINT WARNING * * *
You start resting.
Something hits you but does no damage.
Something hits you but does no damage. x2
Something barely misses you. Something hits you.
* * * LOW HITPOINT WARNING * * *
Something hits you but does no damage. Something hits you but does no damage.
A magic dart appears from out of thin air!
The magic dart hits you!
* * * LOW HITPOINT WARNING * * *
A puff of flame appears from out of thin air!
The puff of flame hits you!
You die...

#...# #..# #..).....# #.### #..#
###........# #.# #..#
#.......#### ###.#####..#
#..รท....# ######
........#..###.......# ##....##
###.###..............## #......#
#.# ###...##........###......#
#.# ##.....#.................#
###.###......{..@...#..........#
......#.>.....##########.......#
......#......(# #.......#
......#.......# #.......#
......#.......# #......##
......#.......# ##.##.##
......##.....## #..#.##
......###...## ##....## ......#
##### #.....(#


There were no monsters in sight!

Vanquished Creatures
  A hound (D:4)
  Jessica (D:2)
  2 worker ants (D:4)
  3 adders
  3 worms
  A giant gecko (D:2)
  13 orcs
  4 giant cockroaches
  7 goblins
  6 hobgoblins
  10 jackals
  4 quokkas
  7 bats
  2 giant newts (D:2)
  8 kobolds
  7 rats
79 creatures vanquished.

Notes
Turn   | Place    | Note
--------------------------------------------------------------
     0 | D:1      | PossumBlood the High Elf Hunter began the quest for the Orb.
     0 | D:1      | Reached XP level 1. HP: 14/14 MP: 2/2
     2 | D:1      | Noticed a merfolk
     2 | D:1      | Noticed a gargoyle
     4 | D:1      | Noticed a minotaur
     4 | D:1      | Noticed a formicid
     6 | D:1      | Noticed an octopode
     6 | D:1      | Noticed a felid
     8 | D:1      | Noticed a draconian
     8 | D:1      | Noticed a dwarf
    10 | D:1      | Noticed a vine stalker
    10 | D:1      | Noticed an ogre
    12 | D:1      | Noticed an elf
    14 | D:1      | Noticed a vampire
    14 | D:1      | Noticed a spriggan
    16 | D:1      | Noticed a demonspawn
    18 | D:1      | Noticed a tengu
    20 | D:1      | Noticed a naga
    20 | D:1      | Noticed a centaur
    22 | D:1      | Noticed a troll
    24 | D:1      | Noticed a demigod
    26 | D:1      | Noticed a human
    26 | D:1      | Noticed a ghoul
   224 | D:1      | Reached XP level 2. HP: 19/19 MP: 3/3
   289 | D:1      | Reached skill level 6 in Bows
   891 | D:2      | Noticed Jessica
   894 | D:2      | Killed Jessica
   894 | D:2      | Reached skill level 7 in Bows
   894 | D:2      | Reached XP level 3. HP: 24/24 MP: 4/4
  1203 | D:2      | Reached XP level 4. HP: 29/29 MP: 5/5
  1914 | D:3      | HP: 1/29 [orc/flail (4)]
  1931 | D:3      | Reached skill level 8 in Bows
  2446 | D:3      | Reached XP level 5. HP: 15/34 MP: 6/6
  2998 | D:4      | Reached skill level 9 in Bows
  3287 | D:5      | Entered Level 5 of the Dungeon
  3312 | D:4      | Killed from afar by an orc wizard

Action                   |  1- 3 |  4- 6 || total
-------------------------+-------+-------++-------
Melee: Short sword       |       |   114 ||   114
 Fire: Shortbow          |    78 |    99 ||   177
  Use: Scroll            |     2 |     4 ||     6
       Potion            |       |     6 ||     6
  Eat: Fruit             |     1 |       ||     1
       Bread ration      |       |     1 ||     1
       Pizza             |       |     2 ||     2
